AoeStats
← eliot.shaw

Arabia

505647801Analyzed
1v1 RM · 23d ago on Sep 10, 2026· 53m 58s· 2 players
Game mode
Random Map
Map size
Tiny (2 player)
Population
200
Speed
Normal
Resources
Standard
Victory
Conquest
Starting age
Dark Age
Ending age
Imperial Age
RankedLock teamsTeams togetherTeam positionsShared explorationLock speedFull tech treeHidden civsTurbo modeCheats
Victory
Defeat
🇦🇺 Magyars · Australia
822
+16
🇬🇧 Britons · United Kingdom
825
-16
eliot.shaw
6:13 Loom
10:57 Feudal Age
11:35 Double-Bit Axe
15:30 Wheelbarrow
16:24 Gold Mining
17:20 Bloodlines
20:34 Stone Mining
20:52 Horse Collar
23:47 Castle Age
26:45 Hand Cart
28:55 Husbandry
30:17 Bow Saw
31:33 Town Watch
33:33 Gold Shaft Mining
33:13 Town Patrol
40:00 Imperial Age
39:32 Corvinian Army
39:55 Scale Barding Armor
39:41 Fletching
41:05 Chain Barding Armor
40:39 Fletching
40:50 Padded Archer Armor
41:57 Conscription
42:25 Plate Barding Armor
42:13 Elite Magyar Huszar
42:22 Elite Magyar Huszar
43:49 Bodkin Arrow
46:59 Two-Man Saw
47:05 Recurve Bow
46:41 Heavy Cavalry Archer
48:36 Bracer
48:37 Padded Archer Armor
49:05 Parthian Tactics
48:57 Thumb Ring
51:18 Ballistics
51:58 Chemistry
51:06 Siege Engineers
51:23 Heavy Plow
53:41 Leather Archer Armor
Threadus
4:45 Loom
9:59 Feudal Age
10:25 Double-Bit Axe
10:07 Man-at-Arms
14:06 Arson
16:51 Forging
24:08 Castle Age
27:30 Elite Skirmisher
28:05 Fletching
30:58 Wheelbarrow
30:50 Pikeman
31:33 Squires
40:12 Imperial Age
38:15 Ballistics
40:19 Halberdier
42:14 Conscription
47:42 Hand Cart
Connection lost

Rejoining the realm…

Still unreachable

The connection could not be restored.

Session expired

The server has moved on; the page needs a fresh start.